 Dungeon Crawl Stone Soup version 0.29.1-12-g30fa7ad0bf (webtiles) character file.

Game seed: 5926610750132967452

540 Radix the Firebug (level 7, 0/36 HPs)
             Began as a Gargoyle Fire Elementalist on Dec 13, 2022.
             Shot with an arrow by a centaur (7 damage)
             ... on level 5 of the Dungeon.
             The game lasted 00:29:46 (4509 turns).

Radix the Firebug (Gargoyle Fire Elementalist)      Turns: 4509, Time: 00:29:47

Health: 0/36       AC: 10    Str: 12    XL:     7   Next: 26%
Magic:  6/12       EV: 12    Int: 23    God:
Gold:   206        SH:  0    Dex: 10    Spells: 10/13 levels left

rFire   . . .      SeeInvis +   j - +1 mace (vorpal)
rCold   . . .      Faith    .   (no shield)
rNeg    + . .      Spirit   .   a - +0 robe
rPois   ∞          Reflect  .   (no helmet)
rElec   +          Harm     .   d - +0 cloak
rCorr   .          Rampage  .   (no gloves)
Will    .....                   n - +2 pair of boots
Stlth   ++........              (no amulet)
HPRegen 0.12/turn               e - +6 ring of intelligence
MPRegen 0.13/turn               f - ring of see invisible

@: marked
A: sickness immunity, AC +4, negative energy resistance 1, electricity
resistance, torment resistance 1, petrification resistance
a: no special abilities


You were on level 5 of the Dungeon.
You visited 1 branch of the dungeon, and saw 5 of its levels.

You collected 230 gold pieces.
You spent 24 gold pieces at shops.

Inventory:

Hand Weapons
 j - a +1 vorpal mace (weapon)
Armour
 a - a +0 robe (worn)
 d - a +0 cloak (worn)
 n - a +2 pair of boots (worn)
Jewellery
 e - a +6 ring of intelligence (left hand)
 f - a ring of see invisible (right hand)
Wands
 c - a wand of polymorph (8)
 q - a wand of quicksilver (9)
 v - a wand of paralysis (4)
Scrolls
 g - a scroll of fear {unknown}
 k - a scroll of silence {unknown}
 l - a scroll of teleportation {unknown}
 m - a scroll of butterflies {unknown}
 p - 2 scrolls of enchant armour {unknown}
 s - a scroll of identify
 t - a scroll of enchant weapon {unknown}
Potions
 b - 2 potions of magic
 h - 2 potions of curing
 i - a potion of might
 o - a potion of brilliance {unknown}
 r - 2 potions of mutation {unknown}
 u - a potion of haste {unknown}


   Skills:
 - Level 2.7 Dodging
 - Level 4.0 Stealth
 + Level 3.8 Spellcasting
 + Level 3.9 Conjurations
 + Level 4.7 Fire Magic


You had 10 spell levels left.
You knew the following spells:

 Your Spells              Type           Power      Damage    Failure   Level
a - Foxfire               Conj/Fire      96%        2x1d8     1%          1
b - Scorch                Fire           52%        2d8       2%          2

Your spell library contained the following spells:

 Spells                   Type           Power      Damage    Failure   Level
 Conjure Flame            Conj/Fire      24%        6-21      5%          3
 Apportation              Tloc           8%         N/A       11%         1
 Necrotise                Necr           16%        1d4       11%         1
 Summon Small Mammal      Summ           16%        N/A       11%         1
 Inner Flame              Hex/Fire       15%        N/A       12%         3
 Flame Wave               Conj/Fire      24%        2d8       19%         4
 Vampiric Draining        Necr           4%         2d6       32%         3
 Agony                    Necr           4%         N/A       96%         5


Dungeon Overview and Level Annotations

Branches:
Dungeon (5/15)
 Temple: D:4-7

Altars:
Elyvilon
Gozag
Nemelex Xobeh
Okawaru
Wu Jian

Shops:
D:1 ?   D:4 :


Innate Abilities, Weirdness & Mutations

You are immune to sickness and miasma.
Your stone body is resilient. (AC +4)
You are immune to poison.
You resist negative energy. (rN+)
You are resistant to electric shocks. (rElec)
You are resistant to unholy torment.
You are immune to petrification.


Message History

The black bear claws you.
The black bear claws you but does no damage.
You thump the black bear!
You kill the black bear!
You start resting.
Your foxfire dissipates! x2
You start resting.
A centaur comes into view.
Casting: Foxfire (safe; 1% risk of failure)
Confirm with . or Enter, or press ? or * to list all spells.
You conjure some foxfire!
The centaur wields a +0 shortbow.
The centaur shoots an arrow.
The arrow hits you.
The foxfire hits the centaur.
The centaur is lightly wounded.
The foxfire hits the centaur!
The centaur is heavily wounded.
Casting: Foxfire (safe; 1% risk of failure)
Confirm with . or Enter, or press ? or * to list all spells.
You conjure some foxfire!
A necrophage comes into view.
The centaur shoots an arrow.
The arrow hits you!
The foxfire hits the centaur but does no damage.
The centaur is heavily wounded.
The foxfire hits the centaur.
The centaur is severely wounded.
The centaur shoots an arrow.
The arrow hits you.
The centaur shoots an arrow.
The arrow hits you.
The centaur shoots an arrow.
The arrow hits you.
Casting: Foxfire (safe; 1% risk of failure)
Confirm with . or Enter, or press ? or * to list all spells.
You conjure some foxfire!
The centaur shoots an arrow.
The arrow closely misses you.
Your foxfire dissipates!
The foxfire hits the centaur.
The centaur is almost dead.
The centaur shoots an arrow.
The arrow hits you!
* * * LOW HITPOINT WARNING * * *
The centaur shoots an arrow.
The arrow barely misses you.
The centaur shoots an arrow.
The arrow hits you!
You die...

#...# #..n#######
#####.........#############
#............))..........<#
#.###.........#############
#....§....# ##.c.§.....#
...............#
###.###.#..@...# #
...#......# #.###......# #.
........# . .._.#.####
.#.#...#.# # ###.#.# #.#.#


You could see a necrophage and a centaur.

Vanquished Creatures
  2 black bears
  A hound (D:4)
  Natasha (thrice) (D:4)
  4 orc wizards (D:4)
  7 adders
  A shadow imp (D:5)
  3 worms
  A dart slug (D:3)
  3 orcs
  6 bats
  8 endoplasms
  2 giant cockroaches
  7 goblins
  6 hobgoblins
  3 quokkas
  6 ball pythons
  3 frilled lizards (D:2)
  4 kobolds
  8 rats
78 creatures vanquished.

Vanquished Creatures (others)
  An orc wizard (D:4)
  76 foxfires
77 creatures vanquished.

Grand Total: 155 creatures vanquished

Notes
Turn   | Place    | Note
-------+----------+-------------------------------------------
     0 | D:1      | Radix the Gargoyle Fire Elementalist began the quest for
                  | the Orb.
     0 | D:1      | Reached XP level 1. HP: 10/10 MP: 3/3
   177 | D:1      | Found a faded altar of an unknown god.
   463 | D:1      | Reached XP level 2. HP: 13/15 MP: 5/5
   707 | D:1      | Found Gorein's Magic Scroll Shoppe.
   712 | D:1      | Bought a scroll of identify for 24 gold pieces
   882 | D:1      | Learned a level 2 spell: Scorch
   958 | D:2      | Reached XP level 3. HP: 7/19 MP: 0/6
  2037 | D:2      | Reached XP level 4. HP: 24/24 MP: 5/7
  2714 | D:3      | Found an opulent altar of Gozag.
  2714 | D:3      | Found an ornate altar of the Wu Jian Council.
  2718 | D:3      | Found an iron altar of Okawaru.
  3164 | D:4      | Found a sparkling altar of Nemelex Xobeh.
  3402 | D:4      | Noticed Natasha
  3412 | D:4      | Killed Natasha
  3413 | D:4      | Reached XP level 5. HP: 24/28 MP: 4/8
  3574 | D:4      | Found Ofri's Book Shoppe.
  3682 | D:4      | Noticed Natasha
  3685 | D:4      | Killed Natasha
  3876 | D:4      | Noticed Natasha
  3878 | D:4      | Killed Natasha
  3879 | D:4      | Reached XP level 6. HP: 32/32 MP: 5/10
  3959 | D:4      | Noticed a black bear
  3969 | D:4      | Killed a black bear
  4099 | D:4      | Reached XP level 7. HP: 18/36 MP: 1/12
  4384 | D:5      | Entered Level 5 of the Dungeon
  4482 | D:5      | Found a white marble altar of Elyvilon.
  4509 | D:5      | Shot with an arrow by a centaur

Illustrated notes

Levels and vault maps discovered:
D:1:      dpeg_arrival_castle, layout_loops_ring, serial_shops, shop,
          shapermc_ecumenical_altar_acropolis
D:2:      layout_basic, kennysheep_generic_room_11
D:3:      layout_basic, minitemple
D:4:      layout_loops_cross, nemelex_spade_bored_becter, serial_shops,
          shop_fountains, minmay_a_box_with_orc_wizards_in_it, uniq_natasha
D:5:      layout_basic, lemuel_crystal_altar,
          mainiacjoe_overflow_large_starburst

Skill      XL: |  1  2  3  4  5  6 |
---------------+-------------------+-----
Dodging        | 2 |  2.7
Stealth        | 3 4 |  4.0
Conjurations   | 2 3 |  3.9
Spellcasting   | 3 |  3.8
Fire Magic     | 4 |  4.7

Action                   |  1- 3 |  4- 6 |  7- 9 || total
-------------------------+-------+-------+-------++-------
Melee: Mace              |    55 |    39 |     1 ||    95
 Cast: Foxfire           |    24 |    20 |     5 ||    49
       Scorch            |    10 |    32 |     9 ||    51
  Use: Scroll            |     2 |       |       ||     2
       Potion            |       |     1 |       ||     1
 Stab: Sleeping          |       |     1 |       ||     1
Armor: Robe              |    30 |    45 |     3 ||    78
Dodge: Dodged            |    76 |    45 |     2 ||   123
